Map: Lost and Found LE

Players

MaNa

  • Race: Protoss Protoss
  • Spawn Location: 1:00

Serral - Winner!

  • Race: Zerg Zerg
  • Spawn Location: 7:00

Event: WCS Austin 2018

VOD

Have the link to the VOD?

Description

Time

  • Played on: June 3, 2018, 7:31 p.m.
  • Length: 7:39

All games in this series

Show
View Real Time Build Order
Export as new Build Order

MaNa Protoss 

Build Orders: 1 Gate Expand, Oracle Opening, Phoenix Opening, Mass Phoenix 

Get SALT Encoding   

  12  0:00  Probe  
  13  0:12  Probe  
  14  0:17  Pylon  
  14  0:24  Probe  
  15  0:32  Probe  
  15  0:37  Assimilator  
  15  0:40  Probe  
  16  0:48  Gateway  
  17  0:51  Probe  
  18  0:59  Probe  
  19  1:07  Probe  
  20  1:27  Nexus  
  20  1:36  Cybernetics Core  
  20  1:39  Probe  
  21  1:45  Assimilator  
  21  1:51  Probe  
  22  1:54  Pylon  
  22  2:08  Probe  
  22  2:12  Adept  
  25  2:16  Stargate, Probe  
  25  2:22  Warp Gate  
  26  2:24  Probe  
  27  2:31  Stalker  
  27  2:35  Probe  
  28  2:43  Probe  
  30  2:47  Probe  
  31  2:55  Probe  
  32  2:58  Oracle  
  32  2:59  Probe  
  32  3:01  Gateway  
  35  3:10  Probe  
  35  3:11  Probe  
  38  3:15  Adept  
  40  3:22  Probe  
  40  3:24  Pylon, Probe  
  42  3:34  Probe  
  42  3:35  Assimilator  
  42  3:36  Probe  
  42  3:38  Assimilator  
  44  3:41  Phoenix  
  44  3:46  Probe, Pylon  
  44  3:48  Probe  
  48  3:56  Probe  
  49  4:03  Stargate, Probe  
  49  4:04  Probe  
  49  4:06  Phoenix  
  53  4:13  Probe  
  53  4:15  Pylon, Probe  
  55  4:25  Pylon, Probe  
  55  4:27  Probe  
  55  4:29  Phoenix  
  57  4:37  Probe  
  57  4:38  Phoenix  
  57  4:48  Zealot x2  
  57  4:49  Probe x2  
  57  4:50  Phoenix  
  65  4:57  Phoenix  
  67  5:01  Pylon  
  69  5:15  Phoenix  
  69  5:17  Nexus  
  71  5:22  Phoenix  
  71  5:24  Shield Battery  
  73  5:33  Protoss Air Weapons Level 1  
  73  5:35  Probe x2  
  75  5:41  Sentry  
  75  5:42  Zealot, Phoenix, Pylon  
  79  5:47  Probe x2  
  83  5:54  Phoenix  
  85  5:59  Probe  
  85  6:00  Probe  
  87  6:06  Gateway  
  87  6:08  Zealot  
  87  6:11  Zealot, Probe  
  91  6:13  Probe  
  91  6:19  Oracle  
  91  6:23  Probe  
  90  6:30  Zealot  
  89  6:36  Zealot  
  89  6:37  Probe  
  86  6:43  Probe x2  
  84  6:49  Probe  
  84  6:52  Zealot  
  84  6:53  Gateway  
  86  6:55  Oracle  
  86  6:57  Zealot  
  91  7:06  Zealot  
  88  7:11  Probe  
  88  7:13  Probe  
  76  7:23  Probe  
  76  7:28  Zealot  
Show
View Real Time Build Order
Export as new Build Order

Serral Zerg - Winner!

Build Orders: Hatch First 

Get SALT Encoding   

  12  0:00  Drone  
  13  0:12  Overlord  
  13  0:16  Drone  
  14  0:30  Drone x2  
  16  0:46  Hatchery  
  15  0:50  Drone  
  15  0:54  Drone  
  17  1:07  Spawning Pool  
  17  1:11  Extractor  
  15  1:12  Drone  
  15  1:15  Drone  
  18  1:18  Drone  
  18  1:27  Drone  
  19  1:38  Drone  
  20  1:48  Overlord  
  20  1:54  Queen  
  20  1:58  Queen, Zergling x2  
  20  1:59  Zergling x2  
  26  2:09  Drone  
  26  2:10  Drone  
  26  2:13  Metabolic Boost  
  28  2:19  Drone  
  28  2:21  Drone  
  30  2:30  Drone  
  30  2:34  Drone  
  32  2:41  Hatchery  
  32  2:43  Overlord  
  31  2:50  Queen  
  33  2:54  Drone  
  33  2:55  Drone  
  33  2:57  Drone  
  36  3:05  Overlord, Drone x2  
  38  3:08  Drone  
  38  3:10  Drone  
  38  3:11  Drone  
  41  3:14  Drone  
  41  3:16  Drone  
  43  3:24  Drone  
  43  3:26  Drone, Queen  
  47  3:29  Spore Crawler  
  47  3:30  Drone  
  47  3:36  Overlord  
  47  3:37  Drone x2  
  47  3:40  Drone  
  47  3:41  Drone  
  51  3:49  Overlord  
  51  3:51  Drone  
  51  3:54  Queen  
  54  3:57  Spore Crawler  
  54  3:58  Overlord  
  54  3:59  Drone x2  
  55  4:04  Drone x3  
  55  4:07  Drone  
  59  4:10  Overlord  
  59  4:13  Drone x2  
  59  4:14  Drone  
  62  4:18  Roach Warren  
  62  4:20  Drone  
  62  4:21  Drone  
  62  4:22  Drone  
  64  4:26  Extractor  
  64  4:27  Drone x2, Extractor  
  62  4:32  Drone x2  
  62  4:35  Drone x2  
  66  4:39  Overlord  
  66  4:41  Drone  
  66  4:43  Drone x2  
  66  4:44  Lair  
  69  4:46  Drone x2  
  69  4:47  Overlord  
  69  4:51  Overlord, Spore Crawler  
  70  4:55  Overlord  
  70  4:58  Roach x2  
  74  5:03  Roach x2, Extractor  
  76  5:10  Roach x3  
  82  5:16  Evolution Chamber  
  82  5:17  Roach x5  
  82  5:21  Drone x3  
  94  5:22  Drone  
  94  5:25  Roach x2  
  99  5:35  Spore Crawler  
  98  5:37  Spore Crawler  
  98  5:38  Spore Crawler  
  96  5:43  Zergling x22  
  96  5:49  Overlord  
  105  5:51  Zergling x2  
  105  5:52  Zergling x4  
  105  5:53  Zergling x2  
  107  6:02  Spore Crawler, Zergling x6  
  105  6:09  Spore Crawler  
  105  6:10  Drone x3  
  103  6:17  Zergling x12  
  108  6:20  Zergling x8  
  110  6:26  Zergling x2  
  103  6:33  Zergling x4  
  103  6:37  Zergling x2  
  99  6:40  Hatchery  
  99  6:42  Hydralisk Den, Zergling x4  
  94  6:50  Zergling x16  
  101  6:59  Drone x4  
  104  7:02  Drone  
  104  7:05  Drone  
  105  7:13  Drone x2  
  109  7:16  Drone x7  
  112  7:24  Drone x2  
  112  7:25  Drone  
  112  7:27  Drone x3  
  111  7:35  Extractor  
Tags
 
Add a new tag
Caveats
  • Supply blocks, unpowered buildings, or Contaminate may cause inaccurate times.
  • Supply counts are checked every 10 seconds.